 Dungeon Crawl Stone Soup version 0.29-a0-982-gaed3a0c8d8 (webtiles) character file.

Game seed: 13646385190418479320

897 Turgor the Chopper (level 7, -10/55 HPs)
             Began as a Demonspawn Gladiator on Aug 1, 2022.
             Mangled by Duvessa
             ... wielding a +4 rapier of venom
              (14 damage)
             ... on level 4 of the Dungeon.
             The game lasted 00:27:35 (5395 turns).

Turgor the Chopper (Demonspawn Gladiator)           Turns: 5395, Time: 00:27:35

Health: -10/55     AC:  6    Str: 14    XL:     7   Next: 79%
Magic:  0/7        EV: 14    Int: 11    God:
Gold:   184        SH:  0    Dex: 15    Spells: 6/6 levels left

rFire   . . .      SeeInvis .   a - +0 war axe
rCold   + . .      Faith    .   (no shield)
rNeg    . . .      Spirit   +   b - +0 leather armour
rPois   .          Reflect  .   c - +0 helmet
rElec   .          Harm     .   (cloak unavailable)
rCorr   .          Rampage  .   p - +1 pair of gloves
Will    .....                   (no boots)
Stlth   +.........              C - amulet of guardian spirit
HPRegen 0.18/turn               m - ring of protection from cold
MPRegen 0.10/turn               n - ring of wizardry

@: studying Armour
A: repulsion field 1, foul stench 1, weakness stinger 3
a: no special abilities


You were on level 4 of the Dungeon.
You visited 1 branch of the dungeon, and saw 4 of its levels.
You also visited: Sewer.

You collected 184 gold pieces.

Inventory:

Hand Weapons
 a - a +0 war axe (weapon)
 d - a +2 quarterstaff of chaos
 e - a +1 short sword of distortion
 h - a +1 dagger of venom
 t - a +0 sling
 v - a +0 vampiric whip
Missiles
 y - 14 stones (quivered)
Armour
 b - a +0 leather armour (worn)
 c - a +0 helmet (worn)
 p - a +1 pair of gloves (worn)
 u - a +0 cloak
 H - a +2 robe of fire resistance
Jewellery
 m - a ring of protection from cold (left hand)
 n - a ring of wizardry (right hand)
 C - an amulet of guardian spirit (around neck)
Scrolls
 j - a scroll of blinking {unknown}
 k - a scroll of teleportation
 q - a scroll of magic mapping {unknown}
 r - a scroll of enchant armour
 w - a scroll of vulnerability {unknown}
 z - a scroll of poison {unknown}
 A - a scroll of amnesia
 B - 2 scrolls of butterflies {unknown}
 G - a scroll of enchant weapon {unknown}
Potions
 f - a potion of berserk rage {unknown}
 g - a potion of lignification
 i - 2 potions of brilliance
 l - a potion of degeneration {unknown}
 o - a potion of ambrosia {unknown}
 s - 2 potions of curing
 x - a potion of magic
 F - a potion of resistance {unknown}


   Skills:
 + Level 4.8 Fighting
 * Level 6.5 Axes
 - Level 2.0 Throwing
 + Level 3.4 Armour
 - Level 3.0 Dodging


You had 6 spell levels left.
You didn't know any spells.
Your spell library contained the following spells:

 Spells                   Type           Power      Damage    Failure   Level
 Dazzling Flash           Conj/Hex       0%         N/A       45%         3
 Frozen Ramparts          Ice            0%         1d8       45%         3
 Ice Form                 Ice/Tmut       0%         N/A       83%         4
 Summon Ice Beast         Ice/Summ       0%         N/A       83%         4
 Agony                    Necr           0%         N/A       99%         5
 Silence                  Hex/Air        0%         N/A       99%         5


Dungeon Overview and Level Annotations

Branches:
Dungeon (4/15)              Sewer (visited)
 Temple: D:4-7

Altars:

Annotations:
D:4 Duvessa, Menkaure


Innate Abilities, Weirdness & Mutations

You are surrounded by a mild repulsion field. (EV +2)
You may rarely emit foul miasma when damaged in melee.
You have a sharp stinger which inflicts weakening toxins.


Message History

You barely miss Duvessa.
Your tail-slap misses Duvessa.
Duvessa is moderately wounded.
You feel extremely sick. Duvessa completely misses you.
You hit Duvessa.
Duvessa is heavily wounded.
You feel very sick.
Duvessa hits you with a +4 rapier of venom!!
* * * LOW HITPOINT WARNING * * *
You are more poisoned.
Unknown command.
It was a potion of curing.
You feel better. Duvessa barely misses you.
It was a potion of magic.
Magic courses through your body.
Duvessa hits you with a +4 rapier of venom.
You are lethally poisoned!
You feel better. Duvessa closely misses you.
You slash Duvessa!
You tail-slap Duvessa, but do no damage.
Duvessa is severely wounded.
Duvessa barely misses you.
You hit Duvessa.
Duvessa is severely wounded.
Duvessa hits you with a +4 rapier of venom!
You are poisoned.
Unknown command.
You closely miss Duvessa.
Duvessa is severely wounded.
You feel very sick.
Duvessa hits you with a +4 rapier of venom!
* * * LOW HITPOINT WARNING * * *
Unknown command.
You feel better.
You are no longer glowing.
Duvessa is no longer moving slowly.
Duvessa looks more healthy.
Duvessa closely misses you.
You feel better.
Duvessa hits you with a +4 rapier of venom!
* * * LOW HITPOINT WARNING * * *
Duvessa hits you with a +4 rapier of venom!
You die...

............##.......
............##............
.......................... .....
............##..........# .....
...#....#...##.......... .....
...#....#...##........###........
........#...##...................
#.......#.............# #........
#....)###.......@e..((###........
##........##.....####.......##.#
.#.###....##.....# #.......##.#
##.###...........####.......##.##
.................................
.........#†...............#)#####
.........#................#.#....
.........#...###..........#.#.###
.............# #..........#.#.#


You could see Duvessa (berserk).

Vanquished Creatures
  A centaur (D:4)
  2 kobold brigands (Sewer)
  A necrophage (D:4)
  Dowan (D:4)
  2 hounds (D:4)
  Crazy Yiuf (D:2)
  2 jellies (D:4)
  Jessica (D:2)
  Natasha (thrice) (D:4)
  Robin (D:2)
  3 gnolls (D:2)
  13 adders
  4 river rats (Sewer)
  An ufetubus (D:4)
  2 worms (D:2)
  3 dart slugs
  4 orcs (D:3)
  5 ball pythons
  4 bats (D:1)
  4 endoplasms
  4 giant cockroaches
  19 goblins
  10 hobgoblins
  6 jackals
  8 quokkas
  9 frilled lizards
  10 kobolds
  6 rats
130 creatures vanquished.

Vanquished Creatures (others)
  4 fungi (D:2)
  23 plants (Sewer)
27 creatures vanquished.

Grand Total: 157 creatures vanquished

Notes
Turn   | Place    | Note
-------+----------+-------------------------------------------
     0 | D:1      | Turgor the Demonspawn Gladiator began the quest for the
                  | Orb.
     0 | D:1      | Reached XP level 1. HP: 16/16 MP: 1/1
   529 | D:1      | Gained mutation: You have a small tail. [demonic ancestry]
   529 | D:1      | Reached XP level 2. HP: 17/22 MP: 2/2
   640 | D:1      | You fall into a shaft and drop 1 floor!
   645 | D:2      | Noticed Jessica
   650 | D:2      | Killed Jessica
   651 | D:2      | Reached skill level 3 in Axes
   651 | D:2      | Reached XP level 3. HP: 26/27 MP: 3/3
   779 | D:2      | Reached skill level 1 in Armour
   799 | D:2      | Gained mutation: You may rarely emit foul miasma when
                  | damaged in melee. [demonic ancestry]
   799 | D:2      | Reached XP level 4. HP: 2/34 MP: 4/4
  1582 | D:2      | Noticed Robin
  1587 | D:2      | Killed Robin
  1588 | D:2      | Reached skill level 4 in Axes
  1730 | D:2      | Found a runed translucent door.
  1731 | D:2      | Noticed Crazy Yiuf
  1739 | D:2      | Killed Crazy Yiuf
  1740 | D:2      | Gained mutation: You are surrounded by a mild repulsion
                  | field. (EV +2) [demonic ancestry]
  1740 | D:2      | Reached XP level 5. HP: 13/41 MP: 5/5
  2979 | D:3      | Found a glowing drain.
  3009 | Sewer    | Entered a sewer
  3360 | Sewer    | Gained mutation: You have a tail ending in a sharp stinger.
                  | [demonic ancestry]
  3360 | Sewer    | Reached XP level 6. HP: 47/47 MP: 6/6
  3537 | Sewer    | Reached skill level 5 in Axes
  4476 | D:4      | Noticed Dowan
  4477 | D:4      | Noticed Duvessa
  4530 | D:4      | Noticed Natasha
  4543 | D:4      | Killed Natasha
  4659 | D:4      | Gained mutation: You have a sharp stinger which inflicts
                  | weakening toxins. [demonic ancestry]
  4659 | D:4      | Reached XP level 7. HP: 54/54 MP: 7/7
  4770 | D:4      | Noticed Natasha
  4782 | D:4      | Killed Natasha
  4844 | D:4      | Noticed Natasha
  4851 | D:4      | Killed Natasha
  5034 | D:4      | Reached skill level 6 in Axes
  5194 | D:4      | Noticed Menkaure
  5373 | D:4      | Killed Dowan
  5393 | D:4      | HP: 2/55 [Duvessa/+4 rapier of venom (12)]
  5395 | D:4      | Mangled by Duvessa

Illustrated notes

Levels and vault maps discovered:
D:1:      mrwooster_arrival_arrow, layout_basic, serial_bayou,
          serial_bayou_crossing, serial_bayou_ford_a, serial_bayou_pond_a,
          serial_bayou_pond_a, minmay_misc_feat_roman
D:2:      layout_rooms, minmay_hexomino_p4, uniq_crazy_yiuf_cottage, uniq_robin,
          uniq_jessica
D:3:      layout_rooms, gup_sewer_entry_pipe
D:4:      layout_basic, kiku_gazebo_pond_becter, minmay_manual_mandibuliform,
          uniq_natasha, uniq_menkaure, uniq_duvessa

Skill      XL: |  1  2  3  4  5  6  7 |
---------------+----------------------+-----
Axes           | 3 4 5 6 |  6.5
Throwing       | 2 |  2.0
Dodging        | 3 |  3.0
Armour         | 1 2 3 |  3.4
Fighting       | 3 4 |  4.8

Action                   |  1- 3 |  4- 6 |  7- 9 || total
-------------------------+-------+-------+-------++-------
Melee: War axe           |    52 |   301 |    68 ||   421
       Punch             |     1 |     5 |     1 ||     7
       Tailslap          |     2 |    34 |     7 ||    43
Throw: Throwing net      |     4 |     1 |       ||     5
       Javelin           |     2 |     2 |     1 ||     5
       Dart              |       |     1 |     1 ||     2
  Use: Scroll            |       |     5 |       ||     5
       Potion            |       |       |     5 ||     5
 Stab: Sleeping          |     1 |     1 |       ||     2
       Held in net/web   |       |     1 |       ||     1
Armor: Leather armour    |    13 |    74 |    20 ||   107
Dodge: Dodged            |    31 |   201 |    53 ||   285

Table legend: (Time is in decaauts)
 A = Elapsed time spent in this place.
 B = Non-inter-level travel time spent in this place.
 C = Inter-level travel time spent in this place.
 D = Time resting spent in this place.
 E = Time spent auto-exploring this place.
 F = Levels seen in this place.
 G = Mean time per level.
                   A        B        C        D        E       F      G
               +--------+--------+--------+--------+--------+-----+--------+
         Total |   5678 |   5532 |    146 |   1032 |   2631 |   5 | 1135.6 |
       Dungeon |   4407 |   4261 |    146 |    677 |   2080 |   4 | 1101.8 |
         Sewer |   1270 |   1270 |      0 |    355 |    551 |   1 | 1270.0 |
               +--------+--------+--------+--------+--------+-----+--------+

Top non-repeatable levels by time:
     D:1: 1411 daAuts
     D:2: 1388 daAuts
   Sewer: 1270 daAuts
     D:4: 949 daAuts
     D:3: 658 daAuts
